 Dungeon Crawl Stone Soup version 0.30-a0-1157-g2cc9ac7196 (webtiles) character file.

Game seed: 11925792420933831888

20 iamoutofideas the Chopper (level 2, 0/27 HPs)
             Began as a Hill Orc Monk on Apr 24, 2023.
             Succumbed to an adder's poison
             ... on level 1 of the Dungeon.
             The game lasted 00:00:38 (623 turns).

iamoutofideas the Chopper (Hill Orc Monk)            Turns: 623, Time: 00:00:39

Health: 0/27       AC:  2    Str: 13    XL:     2   Next: 79%
Magic:  2/2        EV: 12    Int: 10    God:
Gold:   13         SH:  0    Dex: 13    Spells: 1/1 levels left

rFire   . . .        a - +0 hand axe
rCold   . . .        d - orb {light}
rNeg    . . .        b - +0 robe
rPois   .            (no helmet)
rElec   .            (no cloak)
rCorr   .            (no gloves)
SInv    .            (no boots)
Will    .....        (no amulet)
Stlth   +            (no ring)
HPRegen 0.24/turn    (no ring)
MPRegen 0.08/turn

%: no passive effects
@: lethally poisoned (0 -> -1), glowing
A: no striking features
a: no special abilities


You were on level 1 of the Dungeon.
You visited 1 branch of the dungeon, and saw 2 of its levels.

You collected 13 gold pieces.

Inventory:

Hand Weapons
 a - a +0 hand axe (weapon)
Armour
 b - a +0 robe (worn)
 d - an orb of light (worn)
Jewellery
 i - an amulet of faith
 j - a +6 ring of intelligence
Scrolls
 e - a scroll of vulnerability {unknown}
 h - a scroll of acquirement {unknown}
 l - a scroll of amnesia {unknown}
Potions
 c - 2 potions of ambrosia
 f - 2 potions of heal wounds {unknown}
 g - 2 potions of attraction {unknown}
 k - a potion of flight {unknown}


   Skills:
 + Level 4.0 Fighting
 + Level 4.4 Axes
 + Level 2.7 Dodging


You had one spell level left.
You didn't know any spells.
Your spell library was empty.

Dungeon Overview and Level Annotations

Branches:
Dungeon (2/15)

Altars:

Shops:
D:1 !


Message History

The adder poisons you!
You barely miss the adder.
The adder is heavily wounded.
You feel sick. The adder bites you. The adder barely misses you.
You hit the adder.
The adder is severely wounded.
You hit the ball python but do no damage.
You hit the kobold but do no damage.
You feel sick.
The ball python bites you but does no damage.
The ball python misses you. The adder bites you.
You are more poisoned.
The adder poisons you! The kobold hits you with a +0 dagger.
The ball python barely misses you. The ball python grabs you.
The ball python constricts you.
You escape the ball python's grasp.
The adder attacks as you move away! The adder completely misses you.
You feel sick. The kobold misses you. The kobold attacks as you move away!
The kobold hits you with a +0 dagger.
The ball python attacks as you move away!
The ball python barely misses you. The ball python closely misses you.
* * * LOW HITPOINT WARNING * * *
You feel sick. The ball python closely misses you. The ball python grabs you.
The ball python constricts you. The adder barely misses you.
The ball python barely misses you. The ball python constricts you.
* * * LOW HITPOINT WARNING * * *
You see here a +0 cloak.
You escape the ball python's grasp.
* * * LOW HITPOINT WARNING * * *
You feel sick. The adder attacks as you move away! The adder barely misses you.
* * * LOW HITPOINT WARNING * * *
You feel sick.
* * * LOW HITPOINT WARNING * * *
You feel sick.
There is a stone staircase leading up here.
* * * LOW HITPOINT WARNING * * *
You feel sick. The adder bites you.
* * * LOW HITPOINT WARNING * * *
The ball python closely misses you. The ball python barely misses you.
You climb upwards.
You die...

####### ##.....##
##.......##
#.........#
#.........#
#.......>.#
#.........#
#.......S@#
#.......S.# ###
###.........#
..####...........#
''.....#.........#
''.#####.........#
''......#.......##
''.............##
''......########


You could see an adder and a ball python.

Vanquished Creatures
  A bat (D:1)
  An endoplasm (D:1)
  2 goblins (D:1)
  4 hobgoblins (D:1)
  A kobold (D:1)
  5 ball pythons (D:1)
  A frilled lizard (D:1)
  A rat (D:1)
16 creatures vanquished.

Notes
Turn   | Place    | Note
-------+----------+-------------------------------------------
     0 | D:1      | iamoutofideas the Hill Orc Monk began the quest for the
                  | Orb.
     0 | D:1      | Reached XP level 1. HP: 19/19 MP: 1/1
     2 | D:1      | Noticed an armataur
     2 | D:1      | Noticed a meteoran
     4 | D:1      | Noticed a demigod
     4 | D:1      | Noticed a vine stalker
     6 | D:1      | Noticed a vampire
     6 | D:1      | Noticed an ogre
     8 | D:1      | Noticed a tengu
    10 | D:1      | Noticed a ghoul
    10 | D:1      | Noticed an elf
    12 | D:1      | Noticed a gargoyle
    12 | D:1      | Noticed a spriggan
    14 | D:1      | Noticed a merfolk
    14 | D:1      | Noticed a minotaur
    16 | D:1      | Noticed a felid
    16 | D:1      | Noticed a troll
    18 | D:1      | Noticed a naga
    18 | D:1      | Noticed a human
    20 | D:1      | Noticed a formicid
    22 | D:1      | Noticed a demonspawn
    22 | D:1      | Noticed a draconian
    24 | D:1      | Noticed a felid
    26 | D:1      | Noticed a merfolk
    26 | D:1      | Noticed a troll
    86 | D:1      | Reached XP level 2. HP: 24/27 MP: 2/2
   189 | D:1      | Found Getaitippu's Distillery.
   347 | D:1      | Found a faded altar of an unknown god.
   622 | D:2      | HP: 1/27 [adder (1)]
   623 | D:1      | Succumbed to an adder's poison

Illustrated notes

Levels and vault maps discovered:
D:1:      kb_arrival_jail, layout_rooms, serial_curves, eino_curves_04,
          eino_curves_02, hellmonk_ecumenical_altar_heavens_door, serial_shops,
          nicolae_diamond_shop, nicolae_kite_square_tiling_tiny
D:2:      layout_loops_ring, serial_rivers, chequers_serial_rivers_micro_e,
          chequers_serial_rivers_small_3, chequers_serial_rivers_small_3,
          chequers_serial_rivers_micro_b, minmay_fractal_squares_5

Skill      XL: |  1  2 |
---------------+-------+-----
Fighting       | 4 |  4.0
Axes           | |  4.4
Dodging        | |  2.7

Action                     || total
---------------------------++-------
  Melee: Hand axe          ||    38
 Armour: Robe              ||     8
  Dodge: Dodged            ||    33

Table legend: (Time is in decaauts)
 A = Elapsed time spent in this place.
 B = Non-inter-level travel time spent in this place.
 C = Inter-level travel time spent in this place.
 D = Time resting spent in this place.
 E = Time spent auto-exploring this place.
 F = Levels seen in this place.
 G = Mean time per level.
                   A        B        C        D        E       F      G
               +--------+--------+--------+--------+--------+-----+--------+
         Total |    626 |    589 |     37 |     35 |    444 |   2 |  313.0 |
       Dungeon |    626 |    589 |     37 |     35 |    444 |   2 |  313.0 |
               +--------+--------+--------+--------+--------+-----+--------+

Top non-repeatable levels by time:
     D:1: 607 daAuts
     D:2: 18 daAuts
